 Dungeon Sprint DCSS version 0.21.1-1-g345015f (webtiles) character file.

14 equalderp2856 the Protected (level 5, -3/53 HPs)
             Began as a Minotaur Fighter on May 3, 2018.
             Slain by a wight
             ... wielding a +1 flail of protection
              (7 damage)
             ... in the Dungeon (Sprint VI: "Thunderdome").
             The game lasted 00:02:16 (241 turns).

equalderp2856 the Protected (Minotaur Fighter)       Turns: 241, Time: 00:02:17

Health: -3/53      AC:  8    Str: 21    XL:     5   Next: 46%
Magic:  4/4        EV:  8    Int:  6    God:
Gold:   220        SH: 11    Dex:  9    Spells: 4/4 levels left

rFire    . . .     SeeInvis .   a - +0 war axe
rCold    . . .     Gourm    .   c - +0 shield
rNeg     . . .     Faith    .   b - +0 scale mail
rPois    .         Spirit   .   (helmet restricted)
rElec    .         Reflect  .   (no cloak)
rCorr    .         Harm     .   (no gloves)
MR       .....     NoTele   +   (no boots)
Stlth    ..........             (no amulet)
HPRegen  0.17/turn              (no ring)
MPRegen  0.09/turn              (no ring)

@: no status effects
A: retaliatory headbutt, horns 2
a: no special abilities


You were in the Dungeon.
You were not hungry.

You visited 1 branch You collected 220 gold pieces.

Inventory:

Hand Weapons
 a - a +0 war axe (weapon)
Armour
 b - a +0 scale mail (worn)
 c - a +0 shield (worn)
Wands
 m - a wand of acid (5)
 n - a wand of iceblast (3)
Scrolls
 k - 4 scrolls of blinking
 o - 3 scrolls of fog
Potions
 d - a potion of might
 e - a potion of curing
 g - 4 potions of heal wounds
 h - 4 potions of haste
 i - 2 potions of magic
 j - a potion of berserk rage
 l - a potion of resistance
Comestibles
 f - a ration


   Skills:
 + Level 7.7 Fighting
 + Level 6.3 Axes
 + Level 8.2 Armour
 + Level 0.4 Dodging
 + Level 7.9 Shields


You had 4 spell levels left.
You didn't know any spells.

Dungeon Overview and Level Annotations

Branches:
Dungeon (1/1)

Altars:
Cheibriados
Dithmenos
Fedhas
Gozag
Kikubaaqudgha
Makhleb
Okawaru
Qazlal
Ru
Sif Muna
Trog
Uskayaw
Vehumet
Wu Jian
Xom
Yredelemnul
Zin
The Shining One
Beogh
Jiyva
Lugonu

Shops:
D *[%??*?*:[((!!!!


Innate Abilities, Weirdness & Mutations

You reflexively headbutt those who attack you in melee.
You have a pair of horns on your head.


Message History

Aim: a phantom (severely damaged)
The mass of ice explodes!
The iceblast engulfs the phantom.
The phantom partially resists.
You destroy the phantom!
Your Fighting skill increases to level 7!
Your Axes skill gained 2 levels and is now at level 6!
Your Armour skill increases to level 8!
Your Shields skill increases to level 7!
You have reached level 5!
A wight comes into view.
It is wielding a flail of protection. 15...
Evoke which item? (* to show all) (? for menu, Esc to quit)
Aiming: Iceblast
Press: ? - help, Shift-Dir - straight line, f - wight
Aim: a wight, wielding a flail of protection and wearing a robe The mass of ice explodes!
The iceblast engulfs the wight.
The wight is lightly damaged.
Okay, then.
The wight hits you with a flail of protection!
You die...

##∩.....∩## #∩.......∩#
#_......._# #_......._#
#_........# ###.........###
#⌠...........⌠#
######.8.....z...8.######
##∩__.......###@.)...___∩##
##∩........8.# #.8........∩###
.............###.............##
..........###...###..........⌠#
..........# #.<.# #..........⌠#
..........###...###..........⌠#
.............###.............##
##∩......†.8.# #.8........∩###
##∩.__......###......___∩##


You could see a wight.

Vanquished Creatures
  A phantom (D)
  A wight (D)
  Terence (D)
  Jessica (D)
  An adder (D)
  A leopard gecko (D)
  A ball python skeleton (D)
  A ball python zombie (D)
  A rat (D)
9 creatures vanquished.

Notes
Turn   | Place    | Note
-------+----------+-------------------------------------------
     0 | D        | equalderp2856 the Minotaur Fighter began the quest for the Orb.
     0 | D        | Reached XP level 1. HP: 19/19 MP: 0/0
     4 | D        | Found a corrupted altar of Lugonu.
     5 | D        | Found a shadowy altar of Dithmenos.
     5 | D        | Found a viscous altar of Jiyva.
     5 | D        | Round 1.
     6 | D        | Found an ancient bone altar of Kikubaaqudgha.
     7 | D        | Found Coavis's Delicious Food.
     7 | D        | Found a shimmering altar of Xom.
     7 | D        | Found a snail-covered altar of Cheibriados.
     7 | D        | Found Uxzimi's Identification Station.
     8 | D        | Found Yshrolat's Jewellery.
     8 | D        | Found Ypluked's Advanced Armour.
    14 | D        | Reached skill level 4 in Armour
    14 | D        | Reached XP level 2. HP: 28/28 MP: 1/1
    18 | D        | Found a roughly hewn altar of Beogh.
    19 | D        | Found a deep blue altar of Sif Muna.
    20 | D        | Found a basalt altar of Yredelemnul.
    21 | D        | Found Azoe's Premium Goods.
    22 | D        | Found Ixutom's Miscellaneous Merchandise.
    22 | D        | Found Cosoh's Basic Armour.
    23 | D        | Found a blossoming altar of Fedhas.
    23 | D        | Found a hide-covered altar of Uskayaw.
    23 | D        | Found an opulent altar of Gozag.
    23 | D        | Found Tudanec's Weapon Rack.
    26 | D        | Noticed Terence
    34 | D        | Killed Terence
    34 | D        | Reached skill level 5 in Fighting
    34 | D        | Reached skill level 5 in Armour
    34 | D        | Reached skill level 5 in Shields
    34 | D        | Reached XP level 3. HP: 24/36 MP: 2/2
    40 | D        | Found an iron altar of Okawaru.
    42 | D        | Found a bloodstained altar of Trog.
    43 | D        | Found an ornate altar of the Wu Jian Council.
    44 | D        | Found Wuholl's Do-It-Yourself Clinic.
    46 | D        | Found Xefezeh's Bottled Wisdom.
    46 | D        | Found Zuleih's Distillery.
    46 | D        | Found a sacrificial altar of Ru.
    46 | D        | Found a glowing golden altar of the Shining One.
    46 | D        | Found a burning altar of Makhleb.
    46 | D        | Found Ygrunt's Distillery.
    54 | D        | Found a stormy altar of Qazlal.
    56 | D        | Found a radiant altar of Vehumet.
    56 | D        | Found Sufav's Staff Store.
    56 | D        | Found Qibal's Must-Have Magic.
    57 | D        | Found Hicwular's Magic Scroll Shop.
    58 | D        | Found a glowing silver altar of Zin.
    58 | D        | Found Noyrag's Magic Scroll Shop.
   123 | D        | Noticed Jessica
   127 | D        | Killed Jessica
   127 | D        | Reached skill level 6 in Armour
   178 | D        | Arena points: 14 (+14) [x2]
   203 | D        | Round 2.
   214 | D        | Reached skill level 7 in Armour
   214 | D        | Reached XP level 4. HP: 14/45 MP: 3/3
   215 | D        | Noticed a phantom
   234 | D        | HP: 2/45 [phantom (5)]
   235 | D        | Killed a phantom
   235 | D        | Reached skill level 8 in Armour
   235 | D        | Reached XP level 5. HP: 3/53 MP: 4/4
   241 | D        | Slain by a wight

Skill      XL: |  1  2  3  4 |
---------------+-------------+-----
Fighting       | 4 5 6 7 |  7.7
Armour         | 4 5 7 8 |  8.2
Shields        | 4 5 6 7 |  7.9
Axes           | 3 4 6 |  6.3
Dodging        | |  0.4

Action                   |  1- 3 |  4- 6 || total
-------------------------+-------+-------++-------
Melee: War axe           |    23 |     7 ||    30
       Headbutt          |     5 |       ||     5
Evoke: Wand              |       |     2 ||     2
Armor: Scale mail        |     4 |     2 ||     6
Dodge: Dodged            |     2 |     1 ||     3
Block: Shield            |    11 |     2 ||    13
